 Dungeon Crawl Stone Soup version 0.25.1-2-g60ff931df9 (webtiles) character file.

Game seed: 2582123978215605505

49 DildoBatman the Magician (level 4, 0/30 HPs)
             Began as a Formicid Wizard on Sept 13, 2020.
             Succumbed to an adder's poison
             ... on level 2 of the Dungeon.
             The game lasted 00:02:47 (1549 turns).

DildoBatman the Magician (Formicid Wizard)          Turns: 1549, Time: 00:02:48

Health: 0/30       AC:  2    Str: 12    XL:     4   Next: 1%
Magic:  3/8        EV: 12    Int: 18    God:
Gold:   67         SH:  0    Dex:  9    Spells: 8/9 levels left

rFire    . . .     SeeInvis +   i - +0 whip
rCold    . . .     Gourm    .   (no shield)
rNeg     . . .     Faith    .   a - +0 robe
rPois    .         Spirit   .   (helmet unavailable)
rElec    .         Reflect  .   (no cloak)
rCorr    .         Harm     .   (no gloves)
MR       .....                  (no boots)
Stlth    ++........             (no amulet)
HPRegen  0.10/turn              (no ring)
MPRegen  0.11/turn              (no ring)

@: lethally poisoned (0 -> -2), very slightly contaminated
A: permanent stasis, dig shafts and tunnels, four strong arms, antennae 3
a: Dig, Shaft Self


You were on level 2 of the Dungeon.
You were not hungry.

You visited 1 branch of the dungeon, and saw 2 of its levels.

You collected 67 gold pieces.

Inventory:

Hand Weapons
 c - a +0 club
 i - a +0 whip (weapon)
Missiles
 e - 53 stones (quivered)
 l - 22 arrows
Armour
 a - a +0 robe (worn)
Scrolls
 g - a scroll of immolation {unknown}
 h - a scroll of blinking {unknown}
 j - 2 scrolls of identify {unknown}
Potions
 b - 2 potions of might {unknown}
 d - a potion of stabbing {unknown}
 f - a potion of flight {unknown}
Comestibles
 v - 3 rations


   Skills:
 - Level 1.7 Dodging
 - Level 2.4 Stealth
 - Level 3.2 Spellcasting
 * Level 3.2 Conjurations
   Level 1.0 Summonings
   Level 0.8 Translocations


You had 8 spell levels left.
You knew the following spells:

 Your Spells              Type           Power        Failure   Level  Hunger
c - Magic Dart            Conj           ##..         4%          1    None

Your spell library contained the following spells:

 Spells                   Type           Power        Failure   Level  Hunger
 Call Imp                 Summ           #.......     16%         2    ##.....
 Slow                     Hex            #.......     24%         2    ##.....
 Conjure Flame            Conj/Fire      #.......     24%         3    ###....
 Mephitic Cloud           Conj/Pois/Air  #.......     30%         3    ###....
 Blink                    Tloc           Unusable     N/A         2    N/A

Dungeon Overview and Level Annotations

Branches:
Dungeon (2/15)

Altars:
Nemelex Xobeh
Uskayaw

Annotations:
D:2 Sigmund


Innate Abilities, Weirdness & Mutations

You cannot be hasted, slowed, berserked, paralysed or teleported.
You can dig through walls and to a lower floor.
Your four strong arms can wield two-handed weapons with a shield.
You have a pair of large antennae on your head. (SInv)


Message History

g - Guard the area. f - Follow me.
Anything else - Cancel.
You shout for attention!
The hobgoblin hits you with a +0 club. What are your orders? t - Shout!
Orders for allies: a - Attack new target. r - Retreat! s - Stop attacking. g - Guard the area. f - Follow me.
Anything else - Cancel.
You shout for attention!
The hobgoblin closely misses you. What are your orders? t - Shout!
Orders for allies: a - Attack new target. r - Retreat! s - Stop attacking. g - Guard the area. f - Follow me.
Anything else - Cancel.
You shout for attention!
You die...

#.# #.# #.# #.# ###
#.##### ..# #.#...######
#.# #####.#......... #.#
#.......รท.##
##.####.##..@#...## #
#..<........g.....###
#.##.>####.#....###....#
#.....# #...8..._...8.#
####.## ###....%)!....#
####.#######.8.......8..#
#.........##.............
##.##.####.##.8.......8.##
.......# #...........#


You could see a hobgoblin.

Vanquished Creatures
  An adder (D:2)
  2 oozes
  A dart slug (D:2)
  A leopard gecko (D:1)
  2 giant cockroaches
  5 goblins
  2 hobgoblins (D:1)
  3 jackals (D:2)
  3 bats (D:1)
  2 frilled lizards (D:1)
  3 kobolds (D:1)
  2 rats
27 creatures vanquished.

Notes
Turn   | Place    | Note
-------+----------+-------------------------------------------
     0 | D:1      | DildoBatman the Formicid Wizard began the quest for the
                  | Orb.
     0 | D:1      | Reached XP level 1. HP: 13/13 MP: 4/4
    32 | D:1      | Reached skill level 1 in Conjurations
   235 | D:1      | Reached XP level 2. HP: 19/19 MP: 0/6
   670 | D:1      | Reached XP level 3. HP: 17/24 MP: 0/7
   903 | D:2      | Noticed Sigmund
  1353 | D:2      | Found a sparkling altar of Nemelex Xobeh.
  1487 | D:2      | Found a hide-covered altar of Uskayaw.
  1533 | D:2      | Reached XP level 4. HP: 20/30 MP: 1/8
  1547 | D:2      | HP: 1/30 [hobgoblin/+0 club (4)]
  1549 | D:2      | Succumbed to an adder's poison

Illustrated notes

Levels and vault maps discovered:
D:1:      nicolae_arrival_washed_ashore, layout_basic, minmay_stone_trees_small
D:2:      layout_loops_corners, eat_drink_and_be_merry_uskayaw,
          nemelex_lonely_heart_becter, uniq_sigmund, uniq_natasha

Skill      XL: |  1  2  3 |
---------------+----------+-----
Conjurations   | 1 2 3 |  3.2
Dodging        | |  1.7
Stealth        | |  2.4
Spellcasting   | |  3.2
Summonings     | |  1.0
Translocations | |  0.8

Action                   |  1- 3 |  4- 6 || total
-------------------------+-------+-------++-------
Melee: Club              |    11 |       ||    11
       Whip              |    19 |       ||    19
 Cast: Magic Dart        |    75 |     1 ||    76
  Eat: Chunk             |     2 |       ||     2
Armor: Robe              |     8 |     1 ||     9
Dodge: Dodged            |    27 |     6 ||    33
